Map: Mist Opportunities

Players

Adaś

  • Race: Zerg Zerg
  • League: Diamond
  • Spawn Location: 5:00

NamroodTuo

  • Race: Terran Terran

VOD

Have the link to the VOD?

Description

Time

  • Played on: June 6, 2023, 6:41 a.m.
  • Length: 30:38
Show
View Real Time Build Order
Export as new Build Order

Adaś Zerg 

Build Orders:  

Get SALT Encoding   

  6  0:12  Drone x2  
  6  0:19  Drone x2  
  8  0:27  Drone x2  
  9  0:36  Drone x2  
  10  0:45  Drone x2  
  11  1:08  Spawning Pool  
  10  1:14  Drone x2  
  11  1:22  Overlord  
  11  1:34  Extractor  
  11  1:35  Extractor  
  11  1:39  Zergling x2  
  11  1:40  Zergling x2  
  11  1:41  Zergling x2  
  11  1:47  Drone x2  
  14  1:54  Drone x2  
  15  2:00  Zergling x2  
  15  2:01  Zergling x2  
  15  2:09  Drone x2  
  18  2:22  Drone x2  
  19  2:47  Hatchery  
  19  2:56  Drone x2  
  20  3:03  Metabolic Boost  
  20  3:08  Overlord  
  20  3:22  Queen  
  21  3:36  Drone x2  
  21  3:37  Drone x2  
  19  4:11  Drone x4  
  19  4:13  Lair  
  19  4:19  Drone x4  
  23  4:26  Evolution Chamber  
  22  4:31  Evolution Chamber  
  22  4:39  Queen  
  23  4:40  Drone x2  
  23  4:42  Drone x2  
  24  5:00  Drone x4  
  24  5:05  Extractor  
  24  5:06  Extractor  
  25  5:47  Drone x4  
  27  5:50  Hive  
  27  5:56  Scourge Nest  
  27  5:58  Drone x4, Scourge Nest  
  28  6:04  Heroic Fortitude  
  28  6:31  Zergling x4  
  28  6:32  Aberration  
  28  6:33  Aberration  
  28  6:34  Overlord x2  
  36  7:01  Aberration x2  
  36  7:05  Zerg Flyer Armor Level 1, Zerg Flyer Weapons Level 1  
  36  7:08  Zerg Ground Armor Level 1  
  46  7:18  Unknown x2, Adrenal Overload  
  46  7:29  Zergling x2  
  49  7:30  Zergling x2  
  49  7:36  Overlord x2  
  49  7:37  Overlord  
  49  7:39  Unknown  
  50  7:40  Unknown  
  52  8:01  Zergling x2  
  52  8:02  Zergling x6  
  52  8:03  Zergling x2  
  52  8:04  Zergling x2  
  52  8:06  Unknown  
  51  8:43  Unknown  
  51  8:46  Aberration  
  51  8:47  Aberration  
  51  8:48  Aberration x2, Zergling x2  
  51  8:49  Zergling x4  
  67  9:03  Unknown x2  
  67  9:08  Zergling x4  
  67  9:09  Aberration, Zergling x4  
  71  9:10  Zergling x4  
  59  10:05  Aberration  
  59  10:06  Overlord x3  
  59  10:08  Aberration x2  
  59  10:09  Aberration  
  75  10:13  Zerg Ground Armor Level 2  
  75  10:15  Zerg Flyer Weapons Level 2  
  75  10:19  Overlord x2  
  75  10:24  Unknown  
  75  10:25  Unknown  
  75  10:47  Hatchery  
  70  11:13  Aberration  
  70  11:14  Aberration  
  70  11:15  Zergling x2  
  70  11:16  Zergling x8  
  87  11:22  Zerg Flyer Armor Level 2  
  87  11:25  Zergling x2  
  87  11:26  Zergling x6  
  93  11:30  Unknown x2  
  93  11:31  Unknown  
  92  11:41  Unknown  
  91  11:55  Zergling x6  
  91  11:57  Zergling x2  
  91  11:58  Zergling x2  
  91  11:59  Queen  
  97  12:05  Overseer  
  97  12:06  Overseer  
  97  12:32  Unknown  
  97  12:33  Zergling x4  
  92  12:51  Roach  
  92  12:52  Roach x6  
  92  12:53  Roach x3  
  87  13:23  Zergling x6  
  87  13:26  Zergling x4  
  87  13:27  Aberration x2  
  87  13:28  Zergling x4  
  92  13:58  Zergling x8  
  92  13:59  Zergling x2, Aberration x2  
  96  14:39  Zerg Ground Armor Level 3  
  96  14:41  Zerg Flyer Weapons Level 3  
  96  14:42  Zerg Flyer Armor Level 3  
  96  14:46  Zergling x6  
  96  15:39  Zergling x8  
  95  15:57  Aberration  
  95  15:58  Aberration x2  
  86  16:08  Aberration  
  86  16:09  Aberration x4  
  89  16:10  Aberration  
  89  16:11  Aberration x2  
  89  16:12  Zergling x2  
  99  18:01  Roach x2  
  99  18:02  Roach x5  
  99  18:03  Roach x3  
  99  18:18  Unknown  
  95  19:31  Zergling x8  
  95  19:32  Zergling x2  
  92  20:18  Aberration x4  
  92  20:19  Zergling x4  
  96  21:02  Ventral Sacs  
  82  21:45  Aberration x2  
  82  21:46  Aberration, Zergling x6  
  82  21:47  Zergling x8  
  82  21:48  Zergling x2  
  79  26:23  Zergling x2  
  79  26:24  Zergling x10  
  79  26:25  Aberration x3, Zergling x2  
  79  26:26  Zergling x6, Aberration x2  
  79  26:27  Zergling x2, Aberration  
  82  27:01  Aberration  
  82  27:02  Zergling x6, Aberration x3  
  82  27:03  Zergling x2  
  98  28:19  Zergling x2  
  71  28:45  Zergling x6, Aberration x3  
  71  28:46  Zergling x8, Aberration x4  
  79  29:03  Zergling x4  
  76  29:11  Zergling x4, Aberration x2  
  76  29:12  Zergling x10, Aberration x3  
  76  29:13  Zergling x2  
Show
View Real Time Build Order
Export as new Build Order

NamroodTuo Terran 

Build Orders:  

Get SALT Encoding   

  12  0:05  SCV  
  13  0:22  SCV  
  14  0:39  SCV  
  15  1:03  SCV, Engineering Bay  
  16  1:20  SCV, Refinery  
  16  1:23  Refinery  
  17  1:37  SCV  
  18  1:54  SCV  
  18  1:57  Command Center  
  19  2:18  SCV  
  20  2:35  SCV  
  21  2:51  Outlaw Weapons Level 1  
  21  2:52  SCV  
  22  3:01  Tychus  
  22  3:02  Engineering Bay  
  22  3:09  SCV  
  23  3:26  SCV  
  24  3:42  Outlaw Life and Armor Level 1  
  24  3:43  SCV  
  25  4:00  SCV  
  26  4:24  SCV  
  27  4:37  Gunslingers Hideout  
  27  4:41  SCV  
  27  4:49  Command Center  
  28  4:51  ITC-E Triggers  
  28  4:58  SCV  
  29  5:15  SCV  
  30  5:23  James Sirius Sykes  
  40  5:51  Outlaw Life and Armor Level 2  
  40  6:04  Fixers Safehouse  
  40  6:08  Muscle Armory  
  40  6:14  SCV  
  41  6:21  Outlaw Weapons Level 2  
  41  6:22  SCV  
  42  6:31  SCV  
  42  6:39  SCV  
  44  6:48  SCV  
  45  6:50  Auto-Turret  
  45  7:05  SCV  
  46  7:22  SCV  
  46  7:25  SCV  
  48  7:36  Auto-Turret  
  48  7:38  Auto-Turret  
  48  7:39  SCV  
  49  7:42  SCV  
  50  7:56  SCV  
  50  7:57  Refinery  
  50  7:59  SCV  
  52  8:05  Refinery  
  52  8:13  SCV  
  52  8:16  SCV  
  54  8:30  SCV  
  54  8:33  SCV  
  56  8:41  Flashforce GDM Visor  
  56  8:45  Vega  
  56  8:47  SCV  
  67  9:04  SCV  
  68  9:21  SCV  
  69  9:37  SCV  
  70  9:54  SCV  
  71  10:11  SCV  
  72  10:32  Moebius Psionic Motivator  
  72  10:34  Neural Disruption Device, Psi Projector  
  72  10:56  Outlaw Weapons Level 3  
  72  10:58  Outlaw Life and Armor Level 3  
  72  11:41  Crooked Sam  
  82  13:22  Medivac Platform  
  82  13:38  Endurance Supplements  
  82  13:56  Outlaw Weapons Level 4  
  82  14:05  Kel-Morian Ripper Rounds  
  82  14:06  Vanadium Shell  
  82  14:25  Medivac Platform  
  82  15:08  Outlaw Life and Armor Level 4  
  82  15:28  Medivac Platform  
  82  15:44  Lt Layna Nikara  
  92  16:06  KD9a Implosion Core  
  92  16:10  SA-55 Thunderbolt Missiles, Moebius M34 Terror Rounds  
  92  16:11  D99 Detonator  
  92  19:47  Outlaw Weapons Level 5  
  92  19:50  Outlaw Life and Armor Level 5  
  92  19:53  Umojan Repair Nanites  
  92  19:54  Procyon Serum, Procyon Twin Heal Beam Gauntlet  
  92  19:57  Moebius Restraint Matrix, Procyon Shade Suit, LarsCorp G7 Charges  
Tags
 
Commander
TychusZagara
League
Diamond
Matchup
Co-op
Replay Pack
Multiplayer
Add a new tag
Caveats
  • Supply blocks, unpowered buildings, or Contaminate may cause inaccurate times.
  • Supply counts are checked every 10 seconds.